 Dungeon Crawl Stone Soup version 0.17-a0-1132-g5dd4065 (webtiles) character file.

74 Herrn the Cudgeler (level 4, -2/45 HPs)
             Began as an Ogre Gladiator on May 25, 2015.
             Slain by Sigmund
             ... wielding a +0 scythe
              (14 damage)
             ... on level 3 of the Dungeon.
             The game lasted 00:02:50 (1360 turns).

Herrn the Cudgeler (Ogre Gladiator)                 Turns: 1360, Time: 00:02:50

Health: -2/45      AC:  3    Str: 21    XL:     4   Next: 30%
Magic:  4/4        EV: 11    Int:  7    God:
Gold:   16         SH:  0    Dex: 16    Spells: 0 memorised, 3 levels left

rFire  . . .     SeeInvis .     a - +0 flail
rCold  + . .     Clarity  .     b - +0 robe
rNeg   . . .     SustAt   .     (no shield)
rPois  .         Gourm    .     c - +0 hat
rElec  .         Spirit   .     (no cloak)
rCorr  .         Warding  .     (gloves unavailable)
rMut   .         Stasis   .     (boots unavailable)
MR     .....                    (no amulet)
Stlth  +.........               f - +6 ring of dexterity
                                e - ring of protection from cold

@: not resistant to hostile enchantments, very unstealthy
A: unfitting armour, tough skin 1
a: no special abilities


You were on level 3 of the Dungeon.
You were not hungry.

You visited 1 branch of the dungeon, and saw 3 of its levels.

You collected 16 gold pieces.

Inventory:

Hand weapons
 a - a +0 flail (weapon)
Missiles
 d - 3 throwing nets (quivered)
Armour
 b - a +0 robe (worn)
 c - a +0 hat (worn)
Jewellery
 e - a ring of protection from cold (left hand)
 f - a +6 ring of dexterity (right hand)
Scrolls
 g - 3 scrolls of identify {unknown}
 k - a scroll of enchant armour {unknown}
Potions
 h - a potion of lignification {unknown}
 i - a potion of flight {unknown}
Comestibles
 j - 2 chunks of flesh


   Skills:
 + Level 3.2 Fighting
 * Level 5.5 Maces & Flails
 - Level 2.1 Throwing
 + Level 3.3 Dodging


You had 3 spell levels left.
You didn't know any spells.

Dungeon Overview and Level Annotations

Branches:
Dungeon (3/15)

Altars:

Annotations:
D:2 Terence
D:3 Sigmund


Innate Abilities, Weirdness & Mutations

You are too large for most types of armour.
You have tough skin (AC +1).


Message History

You bump into the rock wall.
Sigmund gestures at you while chanting. The magic dart hits you!
You closely miss Sigmund.
Sigmund is lightly wounded.
You feel less confused.
Sigmund mumbles some strange words.
Sigmund flickers and vanishes!
Deactivating autopickup; reactivate with Ctrl-A.
You barely miss something. Something hits you.
You hit something. Something hits you!
You sock something! You closely miss something. Something barely misses you.
You closely miss something. Something hits you but does no damage.
You closely miss something. Something hits you!
* * * LOW HITPOINT WARNING * * *
You barely miss something. You closely miss something.
Something hits you but does no damage.
You miss something. Something hits you!
You die...

......#.#####.##.
#..............
..#....#.#####.##
........#.# #
..........#####.##.
#..#..#.#..........
...>............##
#.....#.###.#####
#.......###@#####
#.........{.....#
#....#..###.###.#
#....#..# #.# #.#
#...#..###.###.#
#..............#
#..?.......###.#
#............#.#
.).....@.......#.#


There were no monsters in sight!

Vanquished Creatures
  4 gnolls (D:2)
  An ooze (D:1)
  A giant gecko (D:1)
  5 giant cockroaches
  5 goblins
  3 hobgoblins (D:1)
  A jackal (D:2)
  A quokka (D:3)
  3 bats
  2 giant newts
  3 kobolds
  5 rats (D:1)
34 creatures vanquished.

Notes
Turn   | Place    | Note
--------------------------------------------------------------
     0 | D:1      | Herrn the Ogre Gladiator began the quest for the Orb.
     0 | D:1      | Reached XP level 1. HP: 22/22 MP: 1/1
    97 | D:1      | Reached XP level 2. HP: 29/29 MP: 2/2
   848 | D:1      | Reached XP level 3. HP: 32/36 MP: 3/3
   867 | D:2      | Noticed Terence
   887 | D:2      | Reached skill level 5 in Maces & Flails
   913 | D:2      | Reached XP level 4. HP: 13/45 MP: 4/4
  1332 | D:3      | Noticed Sigmund
  1360 | D:3      | Slain by Sigmund

Vault maps used:
D:1:      minmay_arrival_checkered_box
D:2:      first_bread, minmay_ruptured, uniq_terence
D:3:      lemuel_round_altar, nicolae_overflow_crystal_walls, uniq_sigmund

Action                   |  1- 3 |  4- 6 || total
-------------------------+-------+-------++-------
Melee: Flail             |    70 |    32 ||   102
  Use: Potion            |     1 |       ||     1
  Eat: Bread ration      |       |     1 ||     1
